[Event "*** SCC Grand Prix: Titled Tuesday Blitz"]
[Site "Chess.com"]
[Date "2020.07.14"]
[Round "6"]
[White "sergivila"]
[Black "LilRag"]
[Result "1-0"]
[WhiteElo "2373"]
[BlackElo "2498"]
[TimeControl "180+1"]
[EndTime "11:07:30 PDT"]
[Termination "sergivila won by resignation"]

1. e4 c5 2. Nf3 e6 3. d4 cxd4 4. Nxd4 Nf6 5. Nc3 Nc6 6. Ndb5 d6 7. Bf4 e5 8. Bg5 a6 9. Na3 Be7 10. Nc4 O-O 11. Bxf6 Bxf6 12. Ne3 Bg5 13. Ned5 Be6 14. h4 Bh6 15. g3 Ne7 16. Bc4 b5 17. Bb3 a5 18.
Nxb5 a4 19. Bc4 Bxd5 20. Bxd5 Rb8 21. c4 Kh8 22. g4 g6 23. g5 Bg7 24. Qxa4 f5 25.
gxf6 Rxf6 26. Qc2 Qb6 27. h5 Rbf8 28. hxg6 Nxg6 29. O-O-O Rxf2 30. Qb3 R8f3 31. Qb4 Rf6 32. a4 Nf4 33. a5 Qe3+ 34. Kb1 Nd3 35. Rxd3 Qxd3+ 36.
Ka1 Rf1+ 37. Rxf1 Rxf1+ 38. Ka2 Qb1+ 39. Kb3 Qd3+ 40. Ka4 Ra1+ 41. Na3 Qd1+ 42. Kb5 Bf8 43. a6 Qh5 44. a7 Qe8+ 45. Ka5 Be7 46. a8=Q Bd8+ 47.
Ka6 Ra2 48. Qxd6 Qa4+ 49. Kb7 Rxb2+ 50. Kc8 Qxa8+ 51. Bxa8 1-0

[Event "*** SCC Grand Prix: Titled Tuesday Blitz"]
[Site "Chess.com"]
[Date "2020.07.14"]
[Round "6"]
[White "Alexandercs432"]
[Black "ChessArchitect64"]
[Result "1-0"]
[WhiteElo "2090"]
[BlackElo "1856"]
[TimeControl "180+1"]
[EndTime "11:07:30 PDT"]
[Termination "Alexandercs432 won by checkmate"]

1. e4 c5 2. Nf3 d6 3. d4 cxd4 4. Nxd4 Nf6 5. Nc3 Nc6 6. f3 e5 7.
Nb3 a5 8. Bb5 Be6 9. Be3 Be7 10.
Qd2 O-O 11. O-O-O Nb4 12. a3 Na6 13. Kb1 Qc8 14. g4 Nc5 15. Nxc5 dxc5 16. g5 Nh5 17. Nd5 Bxd5 18. exd5 Bd6 19. Rhg1 Qd8 20. Qd3 g6 21.
Rg4 Ng7 22. h4 Nf5 23. Bf2 Nd4 24. Bc4 f5 25. gxf6 Qxf6 26. Bxd4 exd4 27. h5 g5 28. Rdg1 h6 29. f4 Bxf4 30. d6+ Kg7 31. d7 Rad8 32. Bb5 Qf5 33. Qc4 Rf6 34. R4g2 Re6 35. Ka2 Re3 36. Re2 Rxe2 37. Qxe2 Qe5 38. Qd3 Qf6 39. Re1 Bd6 40. Re8 Be7 41. Rxd8 Bxd8 42. Bc4 b5 43. Bxb5 g4 44. Bc4 Qg5 45. Qe4 g3 46. Qd5 Kf8 47. Qf7# 1-0

[Event "*** SCC Grand Prix: Titled Tuesday Blitz"]
[Site "Chess.com"]
[Date "2020.07.14"]
[Round "6"]
[White "Natalya_Buksa"]
[Black "GGfrances"]
[Result "0-1"]
[WhiteElo "2527"]
[BlackElo "2392"]
[TimeControl "180+1"]
[EndTime "11:07:31 PDT"]
[Termination "GGfrances won by checkmate"]

1. d4 Nf6 2. Nc3 d5 3. Bf4 g6 4.
e3 Bg7 5. h4 h5 6. Nf3 Bg4 7.
Be2 O-O 8. Ne5 Bf5 9. g4 hxg4 10. Nxg4 c5 11. Nxf6+ Bxf6 12. h5 Nc6 13. dxc5 Qa5 14.
Qd2 Nb4 15. Bd1 Qxc5 16. a3 Nc6 17. hxg6 Bxg6 18. Nxd5 Bxb2 19. Rb1 Bg7 20. Bf3 Rad8 21. Qe2 Rxd5 22. Bxd5 Qxd5 23. Rg1 b6 24. Kf1 Rd8 25. Rg3 Qh1+ 26. Rg1 Qh3+ 27. Rg2 Be4 28. f3 Bxf3 29. Qf2 Qxg2+ 30. Qxg2 Bxg2+ 31. Kxg2 e5 32. Kf3 exf4 33.
Kxf4 Rd2 34. c4 Rd3 35. a4 Rc3 36. c5 Rxc5 37. Rd1 Rc4+ 38. Kf5 Rxa4 39. Rd7 Ra5+ 40.
Ke4 Re5+ 41. Kf4 Re6 42. e4 b5 43. Rc7 b4 44. Rb7 a5 45. Kf5 a4 46. e5 a3 47. Rb6 a2 48. Ra6 b3 49. Ra8+ Kh7 50.
Kg5 Rxe5+ 51. Kf4 b2 52. Rxa2 b1=Q 53. Rh2+ Bh6+ 54. Kg4 Qe4+ 55. Kg3 Qf4+ 56. Kh3 Re3+ 57. Kg2 Qf3+ 58. Kg1 Re1# 0-1

[Event "*** SCC Grand Prix: Titled Tuesday Blitz"]
[Site "Chess.com"]
[Date "2020.07.14"]
[Round "6"]
[White "szachuspl"]
[Black "GMaka"]
[Result "1-0"]
[WhiteElo "2521"]
[BlackElo "2347"]
[TimeControl "180+1"]
[EndTime "11:07:31 PDT"]
[Termination "szachuspl won by resignation"]

1. d4 Nf6 2. c4 Nc6 3. Nf3 e6 4. a3 g6 5. Nc3 Bg7 6. d5 Ne7 7. e4 d6 8. h3 e5 9. Be2 Nh5 10. g3 O-O 11. Bd2 a5 12. Qc2 f5 13.
O-O-O f4 14. g4 Nf6 15. Kb1 Nd7 16. g5 Nc5 17. b4 axb4 18. axb4 Na6 19. Qb3 Bd7 20. Kb2 c5 21. b5 Nb4 22. Ra1 Rxa1 23. Kxa1 Qa5+ 24. Kb2 Ra8 25. h4 Nc8 26. Rb1 Nb6 27.
Ne1 h6 28. Nc2 Nxc2 29. Kxc2 Qa3 30. Qxa3 Rxa3 31. Kb2 Ra8 32. Rg1 Kf7 33. h5 hxg5 34.
Rxg5 gxh5 35. Bxh5+ Kf8 36. Be2 Bf6 37. Rh5 Kg7 38. f3 Kg6 39. Rh1 Kf7 40. Na2 Rg8 41.
Rh7+ Ke8 42. Rh2 Rg3 43. Nc1 Kf7 44. Nb3 Bg7 45. Na5 Bc8 46. Kc2 Rg1 47. Nb3 Rg3 48. Ba5 Na4 49. Bc7 Bf8 50. b6 Bh3 51.
Kd2 Be7 52. Na5 Bc8 53. Rh8 Bf8 54. Rh7+ Ke8 55. Rh8 Rg2 56. Bxd6 Nxb6 57. Rxf8+ Kd7 58. Bxc5 1-0

[Event "*** SCC Grand Prix: Titled Tuesday Blitz"]
[Site "Chess.com"]
[Date "2020.07.14"]
[Round "6"]
[White "Jabberwockiez"]
[Black "boasovietica"]
[Result "0-1"]
[WhiteElo "2297"]
[BlackElo "2476"]
[TimeControl "180+1"]
[EndTime "11:07:32 PDT"]
[Termination "boasovietica won by checkmate"]

1. e4 e5 2. Nf3 Nc6 3. Bb5 a6 4. Ba4 Nf6 5. O-O Be7 6. Re1 b5 7. Bb3 d6 8. c3 O-O 9. h3 Bb7 10. d4 Nd7 11. a4 exd4 12. cxd4 Na5 13.
Bc2 Bf6 14. Qd3 g6 15. Bh6 Re8 16. Nc3 b4 17. Nd5 Bxd5 18. exd5 Nb6 19. Rxe8+ Qxe8 20. Re1 Qd7 21. Ng5 Nxd5 22. Qe4 c6 23. Qh4 Re8 24.
Rd1 Qe7 25. Bf8 Kxf8 26. Qxh7 Bg7 27. Bxg6 Qxg5 28. Bh5 Nf4 29. Bg4 Qg6 30. Qh4 Bf6 31. Qg3 Ne2+ 32. Bxe2 Qxg3 33. fxg3 Rxe2 34. Kf1 Rxb2 35.
Rd3 Rb3 36. Rd2 Rc3 37. Kf2 b3 38. g4 Rc2 39. Ke2 Rxd2+ 40. Kxd2 Bxd4 41. h4 b2 42. Kc2 Nc4 43. h5 Na3+ 44. Kd3 b1=Q+ 45. Kxd4 Qb4+ 46.
Ke3 Nc2+ 47. Kf3 Ne1+ 48. Kg3 Qe4 49. Kh4 Qxg2 50. g5 Nf3# 0-1

[Event "*** SCC Grand Prix: Titled Tuesday Blitz"]
[Site "Chess.com"]
[Date "2020.07.14"]
[Round "6"]
[White "Firouzja2003"]
[Black "Zkid"]
[Result "0-1"]
[WhiteElo "3051"]
[BlackElo "2782"]
[TimeControl "180+1"]
[EndTime "11:07:33 PDT"]
[Termination "Zkid won on time"]

1. d4 d5 2. c4 dxc4 3. Nf3 Nf6 4. e3 e6 5. Bxc4 c5 6. O-O a6 7. Bb3 Nc6 8. Qe2 b5 9. Rd1 Be7 10. Nc3 O-O 11. dxc5 Qc7 12. h3 Bxc5 13. e4 Bb7 14. e5 Nd7 15. Bf4 Be7 16. Rac1 Nc5 17. Bc2 Rfd8 18. Ne4 Rxd1+ 19. Rxd1 Nxe4 20. Bxe4 Rd8 21. Rc1 Qd7 22. h4 Nb4 23. Bb1 h6 24. Be3 Nd3 25. Qc2 Be4 26. Rd1 Qb7 27. Ne1 Nxf2 28. Rxd8+ Bxd8 29. Qxf2 Bxb1 30. a3 Qe4 31. Nf3 Ba2 32.
Bd2 Bd5 33. Qg3 Kh7 34. Kh2 Bb6 35.
Bc3 Qe3 36. Ba5 Ba7 37. Bd2 Qe4 38. Bc3 Be3 39. Bd2 Bxd2 40. Nxd2 Qe2 41. Nb1 Qxb2 42. Nc3 Bxg2 43. Kg1 Bc6 44. Qd3+ g6 45. Ne2 Qxe5 0-1

[Event "*** SCC Grand Prix: Titled Tuesday Blitz"]
[Site "Chess.com"]
[Date "2020.07.14"]
[Round "6"]
[White "viktorskliarov"]
[Black "VerdeNotte"]
[Result "0-1"]
[WhiteElo "2583"]
[BlackElo "2796"]
[TimeControl "180+1"]
[EndTime "11:07:33 PDT"]
[Termination "VerdeNotte won on time"]

1. e4 e5 2. Nc3 Nf6 3. Bc4 c6 4. Nf3 d6 5. d4 Bg4 6. dxe5 Bxf3 7. gxf3 dxe5 8. Bxf7+ Ke7 9. Qxd8+ Kxd8 10. Be3 Nbd7 11. O-O-O Bb4 12. Rhg1 g6 13. f4 Bxc3 14. bxc3 Ke7 15.
fxe5 Nxe4 16. e6 Ne5 17. Bd4 Nxf7 18. exf7 Nf6 19. Bxf6+ Kxf6 20. Rd7 Rhf8 21. Rg3 Rab8 22. c4 Ke6 23. Rgd3 Rxf7 24. R3d6+ Ke5 25. Rxf7 Kxd6 26.
Rxh7 Kc5 27. Rg7 Rh8 28. Rxb7 Rxh2 29. Rxa7 Rxf2 30. Rg7 Rf6 31. Kb2 Kxc4 32. Rg8 c5 33. Rg7 Rb6+ 34. Kc1 Kc3 35. Rc7 c4 36. Rf7 g5 37.
Rf3+ Kd4 38. Rg3 Rg6 39. Kd2 g4 40. a4 Ke4 41. Ke2 Kf4 42. Kf2 Rd6 43. Rg2 Rd2+ 44. Kg1 c3 45. a5 Kf3 0-1

[Event "*** SCC Grand Prix: Titled Tuesday Blitz"]
[Site "Chess.com"]
[Date "2020.07.14"]
[Round "6"]
[White "elohunter1999"]
[Black "AndrewMaco"]
[Result "0-1"]
[WhiteElo "2459"]
[BlackElo "2621"]
[TimeControl "180+1"]
[EndTime "11:07:35 PDT"]
[Termination "AndrewMaco won on time"]

1. e4 c6 2. Nc3 d5 3. Nf3 dxe4 4. Nxe4 Nf6 5. Qe2 Nxe4 6. Qxe4 Qa5 7. b4 Qf5 8. Qe3 Qxc2 9. Bd3 Qa4 10. a3 a5 11. b5 cxb5 12. Nd4 Bd7 13. Bc2 Qc4 14. Bb3 Qc5 15. Bb2 Nc6 16. O-O e6 17. Rac1 Qh5 18.
f4 Bd6 19. Rf3 a4 20. Rh3 Qg6 21. f5 Qf6 22. fxe6 axb3 23. Rf1 Qg6 24. exd7+ Kxd7 25. Nxb5 Rhe8 26. Qxb3 Re2 27. Qxf7+ Qxf7 28. Rxf7+ Ke6 29. Rxg7 Bc5+ 30. d4 Rf8 31. Nc7+ Kd6 32. dxc5+ Kxc5 33. Rg5+ Kb6 34. Nd5+ Ka7 35. Bf6 Re1+ 36. Kf2 Re6 37. Rf3 h6 38. Rgf5 Rd6 39. Bd4+ Nxd4 40. Rxf8 Nxf3 41.
Rxf3 Rxd5 42. Kg3 Rd4 43. Rf4 Rd3+ 44. Kh4 Rxa3 45. Rf6 Ra2 0-1

[Event "*** SCC Grand Prix: Titled Tuesday Blitz"]
[Site "Chess.com"]
[Date "2020.07.14"]
[Round "6"]
[White "CrushingKings"]
[Black "Atanejhad"]
[Result "0-1"]
[WhiteElo "2544"]
[BlackElo "2406"]
[TimeControl "180+1"]
[EndTime "11:07:35 PDT"]
[Termination "Atanejhad won on time"]

1. e4 e5 2. Nf3 Nc6 3. Bc4 Bc5 4.
c3 Nf6 5. d3 O-O 6. O-O d6 7.
Bb3 a6 8. h3 Re8 9. Nbd2 Be6 10.
Bc2 d5 11. Qe2 d4 12. c4 b5 13. b3 Nh5 14. Nb1 Nf4 15. Bxf4 exf4 16. a3 bxc4 17. dxc4 a5 18. e5 Ne7 19. Nbd2 Ng6 20. Rfd1 Be7 21. Qe4 c5 22. Ne1 f5 23. Qe2 Nh4 24. Nd3 g5 25. Nf3 Ng6 26. b4 axb4 27. axb4 Rxa1 28. Rxa1 cxb4 29. c5 Qd5 30. Nxb4 Qxc5 31. Nd3 Qc3 32. Ra7 h6 33. Ra6 Bf8 34. Qd1 Kf7 35. Qb1 Rc8 36.
Rxe6 Kxe6 37. Nfe1 Kf7 38. Qb7+ Qc7 39. Qd5+ Kg7 40. Qxd4 Bc5 41. Qb2 Qb6 0-1

[Event "*** SCC Grand Prix: Titled Tuesday Blitz"]
[Site "Chess.com"]
[Date "2020.07.14"]
[Round "6"]
[White "benko_008"]
[Black "Kotofeyca"]
[Result "1/2-1/2"]
[WhiteElo "2440"]
[BlackElo "2316"]
[TimeControl "180+1"]
[EndTime "11:07:35 PDT"]
[Termination "Game drawn by repetition"]

1. Nf3 d5 2. d4 c6 3. Bf4 Bg4 4. e3 Nd7 5. h3 Bh5 6. Be2 e6 7. O-O Ngf6 8. c4 Be7 9. Qb3 Qb6 10. c5 Qxb3 11. axb3 a6 12. Nc3 Ne4 13. b4 Bxf3 14.
Bxf3 Nd2 15. Rfd1 Nxf3+ 16. gxf3 Rc8 17. Nb1 Bd8 18. Nd2 f6 19. e4 Kf7 20. Re1 Bc7 21. Bxc7 Rxc7 22. Nb3 Re8 23. Na5 f5 24. Rad1 Nf6 25.
exf5 exf5 26. Rxe8 Nxe8 27. Re1 g6 28. Kf1 Ng7 29. Ke2 Re7+ 30. Kd2 Rxe1 31. Kxe1 Ne6 32. Nxb7 Nxd4 33. Kd2 Ke7 34. f4 Kd7 35. Kd3 Ne6 36. Ke3 d4+ 37. Kd3 Nxf4+ 38. Kxd4 Nxh3 39. f3 Ng5 40. f4 Nf7 41. Na5 h6 42. Nc4 g5 43. Ne3 Ke6 44.
Ng2 Kf6 45. Ke3 Nd8 46. Ne1 Ne6 47. fxg5+ hxg5 48. Nf3 g4 49. Nd2 Ke5 50. Nc4+ Kd5 51.
Nb6+ Ke5 52. Nd7+ Kd5 53. Nb6+ Ke5 54. Nd7+ Kd5 55. Nb6+ 1/2-1/2

[Event "*** SCC Grand Prix: Titled Tuesday Blitz"]
[Site "Chess.com"]
[Date "2020.07.14"]
[Round "6"]
[White "ChelsieMonica"]
[Black "GMJustin"]
[Result "1/2-1/2"]
[WhiteElo "2418"]
[BlackElo "2294"]
[TimeControl "180+1"]
[EndTime "11:07:37 PDT"]
[Termination "Game drawn by repetition"]

1. c4 e5 2. Nc3 Nf6 3. g3 d5 4. cxd5 Nxd5 5. Bg2 Nb6 6. Nf3 Nc6 7. O-O Be7 8. a4 a5 9. Nb5 O-O 10. d4 e4 11. Ne5 f5 12. Qb3+ Qd5 13. Qxd5+ Nxd5 14. Nxc6 bxc6 15. Nc3 Ba6 16. Re1 Nb4 17. Rb1 Rfd8 18. Rd1 Rab8 19. g4 g6 20. gxf5 gxf5 21. f3 Nd5 22.
Nxd5 cxd5 23. fxe4 fxe4 24. Bf4 Bxe2 25. Bxc7 Bxd1 26.
Bxd8 Bxd8 27. Rxd1 Rxb2 28. Bh3 Kf7 29. Bd7 Bb6 30. h3 Ke7 31. Bb5 Rb4 32. Kf1 Rxd4 33. Rc1 Rd2 34. Rc6 Bd4 35. Rh6 Rf2+ 36. Ke1 Rf7 37.
Ra6 Bc5 38. Ke2 d4 39. Rxa5 d3+ 40. Bxd3 exd3+ 41. Kxd3 Bb4 42. Rb5 Be1 43. Re5+ Kf6 44. Rxe1 Ra7 45. Re4 Ra5 46. h4 Kf5 47. Rc4 h5 48.
Kc3 Ra8 49. Kb3 Rb8+ 50. Ka3 Ra8 51. Kb4 Rb8+ 52. Ka3 Ra8 53. Rb4 Ra7 54. Rc4 Ra8 1/2-1/2

[Event "*** SCC Grand Prix: Titled Tuesday Blitz"]
[Site "Chess.com"]
[Date "2020.07.14"]
[Round "6"]
[White "ItsCheckM8Mate"]
[Black "MasterKroket"]
[Result "0-1"]
[WhiteElo "2257"]
[BlackElo "2405"]
[TimeControl "180+1"]
[EndTime "11:07:38 PDT"]
[Termination "MasterKroket won on time"]

1. e4 c5 2. Nf3 e6 3. d4 cxd4 4. Nxd4 Nc6 5. Nb5 d6 6. c4 Nf6 7. N1c3 a6 8. Na3 b6 9. Be2 Bb7 10. O-O Nb8 11. f3 Nbd7 12. Be3 Qc7 13. Rc1 Be7 14.
Nc2 O-O 15. Qd2 Rac8 16. Rfd1 Rfd8 17. Bf1 Ne5 18. Qf2 Nxc4 19. Bxc4 Qxc4 20. Bxb6 Re8 21. Nd4 Qb4 22. Nb3 d5 23. Ba5 Qd6 24. f4 Qb8 25. e5 Nd7 26. Bb6 Bc6 27. Bd4 Bb5 28. Nxb5 Qxb5 29. f5 Bg5 30. Rxc8 Rxc8 31. f6 g6 32. h4 Bh6 33. h5 a5 34. hxg6 hxg6 35. Qh4 Bf8 36. Rf1 Rc2 37. Rf3 Qe2 38. Bf2 Rc4 39. Nd4 Qxe5 40. Rh3 Qh5 41. Qf4 Qe5 42. Qh4 Rc1+ 43.
Be1 Qxe1+ 0-1

[Event "*** SCC Grand Prix: Titled Tuesday Blitz"]
[Site "Chess.com"]
[Date "2020.07.14"]
[Round "6"]
[White "crescentmoon2411"]
[Black "superchess02"]
[Result "1-0"]
[WhiteElo "2858"]
[BlackElo "2667"]
[TimeControl "180+1"]
[EndTime "11:07:39 PDT"]
[Termination "crescentmoon2411 won by resignation"]

1. c4 Nf6 2. Nc3 g6 3. g3 Bg7 4. Bg2 O-O 5. Nf3 d6 6. d4 Nbd7 7. O-O e5 8. e4 exd4 9. Nxd4 Re8 10. Re1 Ng4 11. f3 Nge5 12. b3 Nc5 13. Be3 f5 14. h3 fxe4 15. fxe4 Bd7 16. Qd2 Qc8 17. Kh2 a5 18. Rf1 a4 19. b4 Nxc4 20. Qe2 Nxe3 21. Qxe3 Ne6 22. Nxe6 Bxe6 23. Rac1 Qd7 24. a3 Qe7 25. Qd3 Be5 26. Nd5 Bxd5 27. Qxd5+ Kh8 28. Rf7 Qg5 29. Rcxc7 Qxg3+ 30. Kg1 Qh2+ 31.
Kf1 Rf8 32. Qxb7 d5 33. Rxf8+ Rxf8+ 34. Rf7 Kg8 35. Rxf8+ Kxf8 36. Qxd5 Qg3 37. b5 Bf4 38. e5 Qxa3 39. Qd8+ Kg7 40. Qf6+ Kh6 41. Qxf4+ g5 42. Qf6+ Kh5 43. Qf3+ Qxf3+ 44. Bxf3+ Kh4 45. e6 a3 46.
Bd5 Kxh3 47. e7 Kh2 48. e8=Q g4 1-0

[Event "*** SCC Grand Prix: Titled Tuesday Blitz"]
[Site "Chess.com"]
[Date "2020.07.14"]
[Round "6"]
[White "HouseOfDurin"]
[Black "DonPreuss"]
[Result "1-0"]
[WhiteElo "2023"]
[BlackElo "2170"]
[TimeControl "180+1"]
[EndTime "11:07:39 PDT"]
[Termination "HouseOfDurin won by resignation"]

1. d4 Nc6 2. Bg5 f6 3. Bh4 e5 4.
d5 Nce7 5. e4 Ng6 6. Bg3 Bc5 7.
Nd2 d6 8. Nb3 Bb6 9. a4 a6 10. h4 f5 11. h5 N6e7 12. Bd3 f4 13. Bh4 Nh6 14. Nf3 Bg4 15. Be2 O-O 16. Ng5 Bd7 17.
f3 Qe8 18. Bf2 Bxf2+ 19. Kxf2 Kh8 20. c4 Neg8 21. c5 Nf6 22. cxd6 cxd6 23. Na5 Rc8 24.
Nxb7 Nxh5 25. Nxd6 Qg6 26. Nxc8 Qxg5 27. Nb6 Be8 28. Bxa6 Rf6 29. a5 Rg6 30. Rg1 Qg3+ 31. Ke2 Qh2 32. Kd3 Rxg2 33. Rxg2 Qxg2 34. Qe2 Qg5 35.
Nc4 Ng3 36. Qg2 Bg6 37. Rg1 Nhf5 38. Nxe5 Ne3 39. Qh3 Qd8 40. Nxg6+ Kg8 41. Rxg3 fxg3 42. Qxg3 hxg6 43. Kxe3 Qxa5 44. Bd3 Qc5+ 45. Kd2 Qb4+ 46. Kc2 Qc5+ 47. Kb1 Qd4 48. Bc2 Qb4 49. Qf2 Qa4 50. Bxa4 1-0

[Event "*** SCC Grand Prix: Titled Tuesday Blitz"]
[Site "Chess.com"]
[Date "2020.07.14"]
[Round "6"]
[White "David_Paravyan"]
[Black "AvitalBor"]
[Result "0-1"]
[WhiteElo "2925"]
[BlackElo "2742"]
[TimeControl "180+1"]
[EndTime "11:07:40 PDT"]
[Termination "AvitalBor won by checkmate"]

1. d4 Nf6 2. Nf3 d5 3. e3 e6 4. Bd3 c5 5. O-O c4 6. Be2 b5 7. b3 Bb7 8. a4 a6 9. axb5 axb5 10. Rxa8 Bxa8 11. Nc3 b4 12. Na4 c3 13. Ne5 Nbd7 14. Bb5 Bd6 15. e4 O-O 16. Nxd7 Nxd7 17. e5 Be7 18.
Be3 Bb7 19. f4 f5 20. g4 Qc8 21. gxf5 Rxf5 22. Bd3 Rf7 23. f5 Nf8 24. Qh5 Ba6 25. Nb6 Qb7 26. Bxa6 Qxa6 27. Nxd5 exd5 28. Rf2 Bd8 29.
e6 Ra7 30. Qe8 Bf6 31. Kg2 Re7 32. Qd8 Qc6 33. Qa5 Nxe6 34. fxe6 Qxe6 35. Rf3 Qg4+ 36. Rg3 Qe2+ 37. Bf2 Qe4+ 38. Kg1 Bxd4 39. Qd8+ Re8 40. Qd7 Qe1+ 41. Kg2 Qxf2+ 42. Kh3 Rf8 43. Qxd5+ Kh8 44. Qd6 Qf1+ 45. Rg2 Qf3+ 46. Rg3 Qf5+ 47. Kg2 Qf1# 0-1

[Event "*** SCC Grand Prix: Titled Tuesday Blitz"]
[Site "Chess.com"]
[Date "2020.07.14"]
[Round "6"]
[White "Pavel_Mir"]
[Black "NotFischer"]
[Result "1-0"]
[WhiteElo "2359"]
[BlackElo "2141"]
[TimeControl "180+1"]
[EndTime "11:07:40 PDT"]
[Termination "Pavel_Mir won on time"]

1. e4 d5 2. Nc3 dxe4 3. Nxe4 Bf5 4. Qf3 Bg6 5. Bc4 Nc6 6. Bb5 Qd5 7. Nc3 Qxf3 8.
Nxf3 O-O-O 9. Bxc6 bxc6 10. d3 e6 11. Ne5 Kb7 12. h4 f6 13. h5 Be8 14. Nc4 Bb4 15.
Bd2 Ne7 16. Ne4 Bd6 17. Ba5 Rd7 18. h6 Nf5 19. hxg7 Rxg7 20. g3 Be7 21. Bc3 Rg6 22.
O-O-O h5 23. Rdg1 e5 24. g4 Rhg8 25. Rxh5 Nd6 26. Na5+ Kc8 27. f3 Nb5 28. Bd2 Nd4 29. Rf1 f5 30. gxf5 Rg2 31. Rh7 Kd8 32. f6 Bf8 33. f7 Bxf7 34. Rxf7 Ne2+ 35. Kb1 Rg1 36.
Rxf8+ Ke7 37. Re1 Rxe1+ 38. Bxe1 Kxf8 39. Bb4+ Kf7 40. a3 Ke6 41. b3 Nd4 42. Kb2 Nf5 43.
Nc4 Rg2 44. Nc5+ Kf7 45. Nxe5+ Kf6 46. Nxc6 Rf2 47. Ne4+ 1-0

[Event "*** SCC Grand Prix: Titled Tuesday Blitz"]
[Site "Chess.com"]
[Date "2020.07.14"]
[Round "6"]
[White "Skatchkov_V"]
[Black "Khazieva_Elza"]
[Result "1-0"]
[WhiteElo "2548"]
[BlackElo "2329"]
[TimeControl "180+1"]
[EndTime "11:07:41 PDT"]
[Termination "Skatchkov_V won on time"]

1. d4 Nf6 2. Nf3 d6 3. g3 Bf5 4. Bg2 c6 5. O-O h6 6. c4 Nbd7 7. Nc3 e5 8. d5 Bh7 9. dxc6 bxc6 10. Nd2 Rc8 11. b3 Be7 12. Nde4 Nxe4 13. Nxe4 Nf6 14. Nxf6+ Bxf6 15. Bb2 O-O 16. Qd2 Qc7 17. Rad1 Rcd8 18. Bc3 Qe7 19. Bxc6 Bg5 20. e3 Bf5 21. Ba5 Bh3 22.
Bxd8 Rxd8 23. Bg2 Bg4 24. f3 Be6 25. f4 Bf6 26. f5 Bc8 27. Bd5 Bg5 28. Qd3 Bb7 29.
Bxb7 Qxb7 30. e4 Qb6+ 31. Kg2 a5 32. h4 Be7 33. Qc3 Qa6 34. Rd5 Ra8 35. a3 Qb6 36. Rfd1 Rb8 37. Rb5 Qa7 38. Qxa5 Qxa5 39. Rxa5 Rxb3 40.
Ra1 Rc3 41. Rb5 Rxc4 42. a4 Rxe4 43. a5 1-0

[Event "*** SCC Grand Prix: Titled Tuesday Blitz"]
[Site "Chess.com"]
[Date "2020.07.14"]
[Round "6"]
[White "124chess"]
[Black "FontVella8"]
[Result "1-0"]
[WhiteElo "2690"]
[BlackElo "2516"]
[TimeControl "180+1"]
[EndTime "11:07:42 PDT"]
[Termination "124chess won on time"]

1. d4 Nf6 2. c4 b6 3. Nc3 Bb7 4. a3 g6 5. d5 Bg7 6. e4 d6 7. Nf3 O-O 8. Be2 e5 9. O-O Nbd7 10. b4 Nh5 11. Ne1 Nf4 12. Nd3 Nxe2+ 13. Qxe2 f5 14. f3 Qe7 15. Be3 f4 16. Bf2 g5 17.
c5 bxc5 18. bxc5 Ba6 19. cxd6 cxd6 20. Rfc1 h5 21. Qd1 g4 22. Nb4 Bc8 23. fxg4 f3 24. gxf3 hxg4 25. fxg4 Bh6 26. Rc2 Nc5 27. Nc6 Qg7 28.
Bxc5 dxc5 29. Rg2 Be3+ 30. Kh1 Rf4 31. d6 Bd4 32. Nd5 Rxe4 33. g5 Rh4 34. Nce7+ Kh8 35.
Nxc8 Rxc8 36. Rb1 Rd8 37. Nf6 e4 38. d7 Bxf6 39. gxf6 Qxf6 40. Qd5 Rh7 41. Qxe4 Rhxd7 42. Rbg1 Rh7 43. Rg3 Qf7 44. Qe5+ Rg7 45. Rxg7 1-0

[Event "*** SCC Grand Prix: Titled Tuesday Blitz"]
[Site "Chess.com"]
[Date "2020.07.14"]
[Round "6"]
[White "DariaVoit"]
[Black "Gusarov91"]
[Result "1-0"]
[WhiteElo "2488"]
[BlackElo "2621"]
[TimeControl "180+1"]
[EndTime "11:07:43 PDT"]
[Termination "DariaVoit won by resignation"]

1. d4 Nf6 2. Nf3 b5 3. e4 Nxe4 4. Bxb5 Bb7 5. O-O e6 6. c4 Nd6 7. Qd3 Nxb5 8. cxb5 Be7 9. Nc3 O-O 10. Bf4 a6 11. Rfc1 d6 12. a4 Nd7 13. b4 Nb6 14. bxa6 Bxa6 15. b5 Bb7 16. a5 Nd5 17. Bd2 Ra7 18.
a6 Ba8 19. Nxd5 Bxd5 20. Ba5 Qb8 21. Rab1 Bf6 22. b6 cxb6 23. Bxb6 Rd7 24. Nd2 Qa8 25. f3 Bg5 26. a7 Rxa7 27. Bxa7 Qxa7 28. Rc2 Bf6 29. Rb4 Qa1+ 30. Kf2 Qa5 31. Qc3 h5 32.
Ne4 Bh4+ 33. g3 Bxe4 34. fxe4 Bf6 35. h4 g6 36. Rc4 Qa7 37. Kg2 d5 38. exd5 exd5 39.
Rb4 Re8 40. Rf2 Re6 41. Qc8+ Kh7 42. Rb7 Qxd4 43. Rxf7+ Bg7 44. Qxe6 Qc3 45. Qe7 Kh6 46.
Qg5+ Kh7 47. Qxd5 Qa1 48. Qd7 Qe5 49. Rxg7+ Qxg7 50. Rf7 1-0

[Event "*** SCC Grand Prix: Titled Tuesday Blitz"]
[Site "Chess.com"]
[Date "2020.07.14"]
[Round "6"]
[White "Escanor89"]
[Black "Kostya26"]
[Result "0-1"]
[WhiteElo "2518"]
[BlackElo "2401"]
[TimeControl "180+1"]
[EndTime "11:07:43 PDT"]
[Termination "Kostya26 won on time"]

1. c4 e6 2. Nc3 d5 3. d4 Nf6 4. Bg5 c6 5. e3 Nbd7 6. Nf3 Qa5 7. Bd3 Ne4 8. cxd5 Nxc3 9. bxc3 Qxc3+ 10. Ke2 exd5 11.
Rc1 Qa5 12. Qc2 h6 13. Bf4 Be7 14. h4 Nf6 15. Ne5 Bd7 16. f3 Rd8 17. g4 Ba3 18. Rb1 Bc8 19. g5 hxg5 20. hxg5 Rxh1 21. Rxh1 Nd7 22.
Nxd7 Bxd7 23. Rh7 Bf8 24. Be5 Be6 25. Bxg7 Bxg7 26. Rxg7 Qc7 27. Rh7 Qg3 28. g6 Qg2+ 29.
Ke1 Qxf3 30. gxf7+ Bxf7 31. Qd2 Bh5 32. Be2 Qg3+ 33.
Kd1 Bxe2+ 34. Qxe2 Qg1+ 35. Kd2 Qg6 36. Rh8+ Kd7 37.
Rh4 Re8 38. Qf3 Re7 39. Rg4 Qd6 40. Qf5+ Kc7 41. Rg6 Qb4+ 42. Ke2 Qc4+ 43. Kf3 Qf1+ 44. Kg4 Qxf5+ 45. Kxf5 Rxe3 46. Rg7+ Kb6 0-1

[Event "*** SCC Grand Prix: Titled Tuesday Blitz"]
[Site "Chess.com"]
[Date "2020.07.14"]
[Round "6"]
[White "maciek_92"]
[Black "alexsergeyev"]
[Result "1-0"]
[WhiteElo "2619"]
[BlackElo "2341"]
[TimeControl "180+1"]
[EndTime "11:07:43 PDT"]
[Termination "maciek_92 won on time"]

1. d4 d5 2. Nc3 Bf5 3. f3 Bg6 4. h4 Nf6 5. g4 h5 6. g5 Nh7 7. Nh3 e6 8. Nf4 Bd6 9. e4 dxe4 10. fxe4 O-O 11. e5 Bb4 12. Nxg6 fxg6 13. Bg2 Nc6 14.
Be3 Qd7 15. Qd3 Rad8 16. O-O-O Qe8 17. Qc4 Bxc3 18. Qxc3 Rf7 19. d5 Ne7 20. dxe6 Rf5 21. Rxd8 Qxd8 22. Rd1 Qc8 23. Rd7 Nc6 24. Bxc6 bxc6 25.
Qxc6 Nf8 26. Qxc7 Qxc7 27. Rxc7 Nxe6 28. Rxa7 Rxe5 29. Kd2 Re4 30. a4 Rxh4 31. a5 Ra4 32.
b3 Ra2 33. b4 h4 34. Bg1 h3 35. Bh2 Nd4 36. Kc3 Nf3 37. Bf4 Ra3+ 38. Kc4 h2 39.
Bxh2 Nxh2 40. b5 Ng4 41. b6 Ne5+ 42. Kd5 1-0

[Event "*** SCC Grand Prix: Titled Tuesday Blitz"]
[Site "Chess.com"]
[Date "2020.07.14"]
[Round "6"]
[White "qingaunlee"]
[Black "Onegust"]
[Result "0-1"]
[WhiteElo "2341"]
[BlackElo "2586"]
[TimeControl "180+1"]
[EndTime "11:07:43 PDT"]
[Termination "Onegust won by resignation"]

1. e4 c5 2. Nf3 d6 3. d4 cxd4 4. Nxd4 Nf6 5. Nc3 a6 6. Bg5 Nbd7 7. f4 h6 8. Bh4 Qc7 9. Qf3 g5 10. fxg5 hxg5 11. Bxg5 Qc5 12. Be3 Ne5 13. Qd1 Neg4 14. Bg1 Qb4 15. a3 Qa5 16. Nb3 Qe5 17. Qd4 Qg5 18. Nd5 Nxd5 19. Qxd5 Qf4 20. Be2 Bg7 21. g3 Qh6 22. Bd4 Ne3 23. Bxg7 Qxg7 24. Qd3 Ng4 25. O-O-O Nf2 26. Qc4 Nxd1 27. Rxd1 Rxh2 28.
Qa4+ Bd7 29. Qc4 Rc8 30. Qd3 Qh6+ 31. Kb1 Rg2 32. Bf3 Rf2 33. Rh1 Qf6 34. Bd1 e5 35.
Qd5 Ke7 36. Qxb7 Rf1 37. Rxf1 Qxf1 38. Ka2 Qxd1 39. Na5 Qxc2 40. Qa7 Qc7 41. Qe3 Be6+ 42. Nb3 Qb7 43. Qg5+ Kd7 0-1